 Dungeon Crawl Stone Soup version 0.27.1-33-g824d729ab1 (webtiles) character file.

Game seed: 9610413371245378855

143 jlumianski the Chopper (level 5, 0/33 HPs)
             Began as a Gargoyle Monk on Dec 17, 2021.
             Slain by Ijyb (5 damage)
             ... on level 3 of the Dungeon.
             The game lasted 00:08:12 (2808 turns).

jlumianski the Chopper (Gargoyle Monk)              Turns: 2808, Time: 00:08:12

Health: 0/33       AC: 10    Str: 15    XL:     5   Next: 25%
Magic:  5/5        EV: 10    Int: 11    God:
Gold:   109        SH:  0    Dex: 12    Spells: 4/4 levels left

rFire    . . .     SeeInvis +   k - +0 war axe
rCold    . . .     Faith    .   (no shield)
rNeg     + . .     Spirit   .   g - +0 scale mail
rPois    ∞         Reflect  .   (no helmet)
rElec    +         Harm     .   (no cloak)
rCorr    .         Rampage  .   (no gloves)
Will     .....                  (no boots)
Stlth    +.........             (no amulet)
HPRegen  0.11/turn              i - ring of see invisible
MPRegen  0.09/turn              (no ring)

@: no status effects
A: sickness immunity, AC +4, negative energy resistance 1, electricity
resistance, torment resistance 1, petrification resistance
a: no special abilities


You were on level 3 of the Dungeon.
You visited 1 branch of the dungeon, and saw 3 of its levels.

You collected 109 gold pieces.

Inventory:

Hand Weapons
 a - a +0 hand axe
 k - a +0 war axe (weapon)
 o - a +0 hunting sling
Missiles
 d - 44 stones (quivered)
 h - 28 bolts
 j - 24 sling bullets
Armour
 b - a +0 robe
 e - a +0 ring mail
 g - a +0 scale mail (worn)
Jewellery
 i - a ring of see invisible (left hand)
Scrolls
 l - a scroll of silence
 n - a scroll of identify
 p - a scroll of enchant armour
Potions
 c - 3 potions of heal wounds
 f - 2 potions of brilliance
 m - a potion of degeneration


   Skills:
 + Level 4.0 Fighting
 + Level 4.2 Axes
 + Level 0.2 Throwing
 + Level 1.2 Armour
 + Level 2.8 Dodging
 + Level 2.5 Stealth


You had 4 spell levels left.
You didn't know any spells.
Your spell library contained the following spells:

 Spells                   Type           Power      Damage    Failure   Level
 Magic Dart               Conj           0%         1d3       82%         1
 Call Imp                 Summ           0%         N/A       91%         2
 Mephitic Cloud           Conj/Pois/Air  0%         N/A       99%         3
 Summon Guardian Golem    Hex/Summ       0%         N/A       99%         3
 Orb of Destruction       Conj           0%         N/A       100%        7
 Spellforged Servitor     Conj/Summ      0%         N/A       100%        7


Dungeon Overview and Level Annotations

Branches:
Dungeon (3/15)

Altars:
Okawaru

Annotations:
D:3 Ijyb


Innate Abilities, Weirdness & Mutations

You are immune to sickness and miasma.
Your stone body is resilient. (AC +4)
You are immune to poison.
You resist negative energy. (rN+)
You are resistant to electric shocks. (rElec)
You are resistant to unholy torment.
You are immune to petrification.


Message History

You hit the ball python.
You kill the ball python!
You barely miss the kobold. The kobold hits you with a +0 club.
The kobold closely misses you. The kobold completely misses you.
You slash the kobold!
You kill the kobold!
Things that are here:
a +0 club; a kobold corpse You don't have any unidentified items.
Okay, then.
Unknown command.
Unknown command.
There is an open door here.
Ijyb the Twisted Goblin comes into view.
She is wielding a +5 club and carrying a wand of flame (20).
Ijyb shouts!
Ijyb zaps a wand.
The puff of flame hits you.
Ijyb zaps a wand.
The puff of flame hits you.
Ijyb screams, "Level is mine!
All mine!"
Ijyb misses you.
You barely miss Ijyb.
Ijyb zaps a wand.
The puff of flame hits you.
You slash Ijyb!
Ijyb is heavily wounded.
Ijyb hits you with a +5 club!
You hit Ijyb but do no damage.
Ijyb is heavily wounded.
Ijyb hits you but does no damage.
Ijyb zaps a wand.
The puff of flame hits you.
You hit Ijyb but do no damage.
Ijyb is heavily wounded.
Ijyb zaps a wand.
The puff of flame hits you.
You closely miss Ijyb.
Ijyb is heavily wounded.
Ijyb hits you with a +5 club.
* * * LOW HITPOINT WARNING * * *
You hit Ijyb.
Ijyb is severely wounded.
Ijyb hits you with a +5 club.
* * * LOW HITPOINT WARNING * * *
Ijyb hits you with a +5 club.
You die...

. #...#...
.........#........# .
#...##.>#.##.#..............
. #.... ##. #####..........
#..# ### #....###... #... .#
#.......... #..
.##........#..
####..###..............
#........#.# ######.###
#....g@....# #.#
#..........# #.#
#........#.# ##.##
#........#.# +#...#+
#........#.######.....#
#.........#.............
..#########.###......... .#
.........#.##....#...
.........#..##.......


You could see Ijyb.

Vanquished Creatures
  Terence (D:2)
  4 adders (D:2)
  A worm (D:3)
  An orc (D:2)
  9 bats
  11 endoplasms
  2 giant cockroaches
  9 goblins
  6 hobgoblins
  A jackal (D:2)
  3 quokkas (D:1)
  10 ball pythons
  A frilled lizard (D:1)
  7 kobolds
  4 rats
70 creatures vanquished.

Vanquished Creatures (others)
  6 plants (D:1)
  9 withered plants (D:1)
15 creatures vanquished.

Grand Total: 85 creatures vanquished

Notes
Turn   | Place    | Note
-------+----------+-------------------------------------------
     0 | D:1      | jlumianski the Gargoyle Monk began the quest for the Orb.
     0 | D:1      | Reached XP level 1. HP: 14/14 MP: 1/1
   231 | D:1      | Reached XP level 2. HP: 18/19 MP: 2/2
   549 | D:1      | Reached XP level 3. HP: 21/24 MP: 3/3
   613 | D:2      | Noticed Terence
   918 | D:1      | Found a faded altar of an unknown god.
  1288 | D:2      | Reached XP level 4. HP: 24/29 MP: 4/4
  1574 | D:2      | Killed Terence
  1575 | D:2      | Reached skill level 1 in Armour
  2209 | D:2      | Reached XP level 5. HP: 29/33 MP: 5/5
  2571 | D:3      | Found an iron altar of Okawaru.
  2798 | D:3      | Noticed Ijyb
  2808 | D:3      | Slain by Ijyb

Illustrated notes

Levels and vault maps discovered:
D:1:      dpeg_arrival_round_a, layout_loops_ring,
          shapermc_ecumenical_altar_flowoftime, minmay_nonomino_d4
D:2:      minmay_diamond_boxcup, layout_loops_corners,
          kennysheep_decorative_pillar, fountainhead, uniq_terence
D:3:      layout_rooms, okawaru_trees_1, serial_bayou_pond_e,
          grunt_ministairs_6, minmay_pentangle, uniq_ijyb

Skill      XL: |  1  2  3  4  5 |
---------------+----------------+-----
Axes           | 3 4 |  4.2
Armour         | 1 |  1.2
Fighting       | 4 |  4.0
Throwing       | |  0.2
Dodging        | |  2.8
Stealth        | |  2.5

Action                   |  1- 3 |  4- 6 || total
-------------------------+-------+-------++-------
Melee: Hand axe          |    57 |       ||    57
       War axe           |    70 |    79 ||   149
Throw: Stone             |     3 |     4 ||     7
  Use: Scroll            |     3 |     2 ||     5
 Stab: Sleeping          |     4 |     1 ||     5
Armor: Robe              |    12 |       ||    12
       Ring mail         |    31 |     7 ||    38
       Scale mail        |       |    43 ||    43
Dodge: Dodged            |    86 |    48 ||   134
